 Dungeon Crawl Stone Soup version 0.24.0-1-gfbc8707 (webtiles) character file.

Game seed: 12864514388794535937, levelgen mode: deterministic

1 Buxparty the Magician (level 1, 0/13 HPs)
             Began as a Gnoll Wanderer on Jan 8, 2020.
             Slain by a rat (2 damage)
             ... on level 1 of the Dungeon.
             The game lasted 00:00:21 (41 turns).

Buxparty the Magician (Gnoll Wanderer)                Turns: 41, Time: 00:00:21

Health: 0/13       AC:  2    Str: 17    XL:     1   Next: 20%
Magic:  8/8        EV: 11    Int: 13    God:
Gold:   0          SH:  0    Dex: 12    Spells: 13/14 levels left

rFire    . . .     SeeInvis .   a - +0 club
rCold    . . .     Gourm    .   (no shield)
rNeg     . . .     Faith    .   c - +0 robe
rPois    .         Spirit   .   (no helmet)
rElec    .         Reflect  .   (no cloak)
rCorr    .         Harm     .   (no gloves)
MR       .....                  (no boots)
Stlth    ++........             (no amulet)
HPRegen  0.04/turn              (no ring)
MPRegen  0.11/turn              (no ring)

@: no status effects
A: distributed training, fangs 1, strong nose
a: no special abilities


You were on level 1 of the Dungeon.
You were not hungry.

You visited 1 branch of the dungeon, and saw 1 of its levels.

Inventory:

Hand Weapons
 a - a +0 club (weapon)
 e - a +0 dagger
Armour
 c - a +0 robe (worn)
Scrolls
 b - a scroll of fog {unknown}
Comestibles
 f - a ration


   Skills:
 + Level 0.0 Fighting
 + Level 0.0 Short Blades
 + Level 0.0 Long Blades
 + Level 0.0 Axes
 + Level 0.0 Maces & Flails
 + Level 0.0 Polearms
 + Level 0.0 Staves
 + Level 0.0 Slings
 + Level 0.0 Bows
 + Level 0.0 Crossbows
 + Level 0.0 Throwing
 + Level 0.0 Armour
 + Level 0.0 Dodging
 + Level 4.0 Stealth
 + Level 0.0 Shields
 + Level 0.0 Unarmed Combat
 + Level 7.0 Spellcasting
 + Level 0.0 Conjurations
 + Level 0.0 Hexes
 + Level 5.3 Charms
 + Level 1.9 Summonings
 + Level 0.0 Necromancy
 + Level 0.0 Translocations
 + Level 0.0 Transmutations
 + Level 0.0 Fire Magic
 + Level 0.0 Ice Magic
 + Level 1.9 Air Magic
 + Level 0.0 Earth Magic
 + Level 0.0 Poison Magic
 + Level 0.0 Invocations
 + Level 0.0 Evocations


You had 13 spell levels left.
You knew the following spells:

 Your Spells              Type           Power        Failure   Level  Hunger
a - Magic Dart            Conj           #...         16%         1    None

Your spell library contained the following spells:

 Spells                   Type           Power        Failure   Level  Hunger
 Swiftness                Chrm/Air       ##......     5%          2    #......
 Call Imp                 Summ           #.......     11%         2    #......
 Poisonous Vapours        Pois/Air       #.....       16%         2    #......
 Blink                    Tloc           N/A          22%         2    #......
 Slow                     Hex            #.......     22%         2    #......
 Mephitic Cloud           Conj/Pois/Air  #.......     34%         3    ##.....
 Conjure Flame            Conj/Fire      #.......     41%         3    ##.....


Dungeon Overview and Level Annotations

Branches:
Dungeon (1/15)

Altars:


Innate Abilities, Weirdness & Mutations

Your experience applies equally to all skills.
You have very sharp teeth.
Your uncanny sense of smell can sniff out nearby items.


Message History

You barely miss the giant cockroach. The giant cockroach misses you.
The rat bites you.
You closely miss the giant cockroach.
The giant cockroach completely misses you.
The rat bites you. The giant cockroach barely misses you. The rat bites you.
You barely miss the giant cockroach. The giant cockroach bites you.
The rat twitches its whiskers.
The rat bites you.
* * * LOW HITPOINT WARNING * * *
You are too injured to fight recklessly!
You are too injured to fight recklessly!
You are too injured to fight recklessly!
You are too injured to fight recklessly!
You are too injured to fight recklessly!
The giant cockroach bites you but does no damage.
You hit the giant cockroach. You bite the giant cockroach.
The giant cockroach is severely wounded.
The giant cockroach bites you but does no damage.
The rat bites you.
You die...

.####......#PPP#.#PPP#..
#.....>.....#####+#####..
####............... .....
##.............. ###.
##..............
#................
..##.....>....... .##
##..?.........
#...#@.....♣.
#...#sr......
#...#......♣.
###.##....... #. .#...♣.
∆ .....). ....... ......♣
.....♣♣


You could see a giant cockroach and a rat.

Vanquished Creatures
  A hobgoblin (D:1)
1 creature vanquished.

Notes
Turn   | Place    | Note
-------+----------+-------------------------------------------
     0 | D:1      | Buxparty the Gnoll Wanderer began the quest for the Orb.
     0 | D:1      | Buxparty set off with the following items: a +0 club, a +0
                  | robe, a +0 dagger, a ration; and the following spell
                  | memorised: Magic Dart; and the following spells available
                  | to memorise: Swiftness, Call Imp, Poisonous Vapours, Blink,
                  | Slow, Mephitic Cloud, Conjure Flame
     0 | D:1      | Reached XP level 1. HP: 13/13 MP: 8/8
    41 | D:1      | Slain by a rat

Levels and vault maps discovered:
D:1:      beargit_arrival_greenhouse, layout_rooms, serial_forest,
          infiniplex_forest_lined_1, infiniplex_forest_clump_curved,
          infiniplex_forest_pool, infiniplex_forest_clump_large,
          infiniplex_forest_clump_double, infiniplex_forest_end_3,
          infiniplex_forest_straight_4

Action                   || total
-------------------------++-------
Melee: Club              ||     9
       Bite              ||     1
Armor: Robe              ||     3
Dodge: Dodged            ||     8
